Map: 匹昂台地

Players

TIME (Oliveira)

  • Race: Terran Terran
  • League: Master

ZooWhaleTail - Winner!

  • Race: Zerg Zerg
  • League: Master

Event: GPL 2015 - Grand Finals

VOD

Have the link to the VOD?

Description

Time

  • Played on: Jan. 22, 2016, 11:12 p.m.
  • Length: 10:26

All games in this series

Show
View Real Time Build Order
Export as new Build Order

TIME Terran 

Build Orders: MMM Bio 

Get SALT Encoding   

  12  0:00  SCV  
  13  0:13  SCV  
  14  0:18  Supply Depot  
  14  0:25  SCV  
  15  0:40  Barracks  
  15  0:43  Refinery  
  15  0:46  SCV  
  16  0:56  Refinery  
  16  0:59  SCV  
  17  1:11  SCV  
  18  1:27  Reaper, Orbital Command  
  19  1:39  Supply Depot  
  19  1:45  Factory  
  19  1:52  SCV  
  20  2:00  Reaper  
  21  2:04  SCV  
  22  2:17  SCV  
  23  2:29  SCV  
  24  2:31  Starport, Factory Tech Lab  
  24  2:33  Reaper  
  25  2:41  SCV  
  26  2:50  Supply Depot  
  26  2:53  SCV  
  26  2:54  Siege Tank  
  30  3:05  SCV  
  31  3:11  Medivac  
  33  3:17  SCV  
  34  3:25  Command Center  
  34  3:28  Supply Depot  
  34  3:34  Siege Tank  
  34  3:38  SCV  
  38  3:49  Medivac  
  38  3:53  Barracks  
  40  3:56  SCV  
  41  4:08  SCV  
  42  4:20  SCV  
  43  4:26  Siege Tank  
  46  4:32  SCV  
  46  4:37  Medivac, Command Center  
  49  4:41  Barracks Reactor  
  49  4:44  SCV  
  47  4:56  SCV  
  48  5:09  SCV  
  48  5:13  Starport Reactor  
  49  5:14  Barracks  
  49  5:16  Barracks  
  49  5:21  SCV  
  50  5:33  SCV  
  49  5:37  Liberator, Orbital Command  
  49  5:38  Marine x2  
  49  5:39  Liberator  
  51  5:45  SCV  
  52  5:56  Marine x2  
  57  5:57  SCV  
  57  6:03  Barracks Tech Lab x2  
  52  6:14  Marine x2  
  53  6:21  SCV x2  
  53  6:22  Marine x2  
  57  6:31  Stimpack  
  57  6:32  Marine x2, Combat Shields  
  59  6:35  SCV x2  
  59  6:39  Orbital Command  
  61  6:40  Marine  
  61  6:41  Marine  
  61  6:47  SCV x2  
  61  6:48  Liberator  
  61  6:50  Marine x2  
  65  6:58  Marine  
  65  6:59  SCV x2  
  68  7:03  Marine  
  68  7:06  Barracks, SCV  
  68  7:07  Barracks  
  73  7:09  Marine  
  73  7:11  Marine, SCV  
  70  7:16  Marine  
  70  7:17  Engineering Bay, SCV  
  70  7:21  Marine  
  72  7:28  Marine  
  72  7:29  Marine  
  71  7:32  Widow Mine  
  71  7:34  Marine, SCV x2  
  71  7:35  SCV  
  71  7:36  Refinery  
  71  7:37  Refinery  
  71  7:39  Marine  
  68  7:45  Marine  
  68  7:46  Marine, SCV x2  
  68  7:51  Marine  
  68  7:57  Marine, Missile Turret  
  70  7:59  Missile Turret, SCV x2  
  70  8:01  Missile Turret  
  70  8:03  Marine  
  70  8:05  Supply Depot x2  
  74  8:07  Marine  
  74  8:08  SCV  
  74  8:09  Marine  
  74  8:11  SCV  
  75  8:16  Barracks Reactor x2, Factory Reactor  
  75  8:18  SCV  
  74  8:20  Marine, SCV  
  74  8:23  SCV  
  74  8:26  Marine  
  77  8:30  SCV  
  77  8:31  Missile Turret  
  77  8:32  SCV  
  79  8:35  Engineering Bay  
  79  8:38  Marine  
  79  8:40  SCV  
  81  8:42  Marine  
  81  8:43  Marine  
  81  8:45  SCV  
  81  8:48  Medivac  
  86  8:50  SCV  
  86  8:52  Medivac  
  86  8:54  Marine  
  86  8:55  Marine  
  90  8:56  Marine  
  90  8:58  Marine  
  90  9:00  Widow Mine  
  95  9:03  Supply Depot  
  95  9:06  SCV  
  95  9:09  Marine x2  
  94  9:14  Widow Mine  
  90  9:17  SCV  
  90  9:19  Marine x2  
  90  9:20  Marine  
  90  9:21  Supply Depot  
  90  9:22  SCV  
  93  9:25  Marine  
  93  9:28  SCV  
  93  9:29  Marine x2  
  91  9:32  Marine  
  91  9:34  SCV  
  91  9:35  Marine  
  94  9:42  Widow Mine  
  94  9:44  Widow Mine  
  97  9:45  Marine x3  
  97  9:46  Marine  
  97  9:51  Supply Depot  
  101  9:56  Medivac  
  103  10:01  Marine  
  103  10:05  Marine  
  105  10:08  Marine  
Show
View Real Time Build Order
Export as new Build Order

ZooWhaleTail Zerg - Winner!

Build Orders: Pool First, Muta Ling Bane 

Get SALT Encoding   

  12  0:01  Drone  
  13  0:12  Overlord  
  13  0:18  Drone  
  14  0:31  Drone x2  
  14  0:34  Drone  
  17  0:47  Spawning Pool, Extractor  
  17  0:49  Drone  
  16  0:55  Drone  
  17  1:11  Overlord  
  17  1:27  Hatchery  
  16  1:33  Queen  
  16  1:37  Zergling x2  
  19  1:41  Zergling x2  
  19  1:45  Zergling x2  
  21  1:52  Metabolic Boost  
  21  2:09  Queen  
  21  2:12  Drone  
  25  2:15  Drone  
  25  2:20  Drone  
  26  2:31  Overlord  
  25  2:37  Drone  
  25  2:39  Queen  
  25  2:44  Drone x4  
  32  2:53  Zergling x4  
  33  3:06  Drone x2  
  35  3:19  Drone x4  
  42  3:20  Drone x3  
  42  3:32  Overlord  
  42  3:33  Overlord  
  42  3:35  Queen  
  44  3:44  Lair  
  44  3:53  Zergling x8, Extractor  
  44  3:54  Zergling x2  
  48  4:01  Zergling x2  
  49  4:03  Drone x3  
  49  4:04  Drone, Extractor  
  51  4:23  Drone x3  
  54  4:28  Extractor  
  53  4:33  Drone  
  53  4:34  Drone x2  
  56  4:39  Overlord x2  
  56  4:40  Drone x2  
  58  4:46  Spire  
  53  5:02  Drone x2  
  53  5:03  Drone  
  53  5:04  Drone x2  
  58  5:12  Queen  
  60  5:14  Zergling x12  
  64  5:33  Overseer  
  64  5:35  Drone  
  61  5:37  Drone  
  61  5:38  Drone x4  
  61  5:40  Hatchery  
  65  5:50  Hatchery  
  64  5:59  Mutalisk x5  
  71  6:16  Mutalisk x4  
  74  6:25  Evolution Chamber  
  73  6:28  Evolution Chamber  
  73  6:29  Overlord x2  
  72  6:35  Overlord  
  72  6:36  Overlord, Extractor  
  72  6:38  Extractor  
  70  6:40  Baneling Nest  
  69  6:53  Drone x4  
  69  6:54  Drone x2  
  75  6:57  Zerg Melee Weapons Level 1, Zerg Ground Armor Level 1  
  77  7:01  Mutalisk x2  
  77  7:03  Zergling x2  
  82  7:14  Zergling x18  
  91  7:35  Mutalisk x2  
  91  7:36  Drone  
  91  7:37  Drone x7  
  103  7:47  Mutalisk x2  
  103  7:49  Overlord  
  107  7:51  Overseer  
  107  7:54  Queen  
  107  7:56  Overlord  
  109  7:59  Centrifical Hooks  
  109  8:02  Drone x3  
  112  8:07  Extractor x2  
  110  8:14  Drone x5  
  110  8:15  Drone x2  
  110  8:16  Drone  
  118  8:20  Overlord  
  118  8:21  Baneling  
  118  8:22  Baneling x10  
  118  8:35  Overlord  
  118  8:36  Overlord  
  118  8:39  Zergling x2  
  118  8:40  Zergling x16  
  127  8:43  Overlord  
  127  8:44  Pneumatized Carapace  
  127  8:47  Drone  
  128  9:00  Zergling x2  
  128  9:01  Zergling x16  
  137  9:22  Zergling x18  
  146  9:30  Overlord x2  
  146  9:32  Mutalisk x2  
  146  9:37  Mutalisk  
  152  9:47  Hatchery  
  152  9:50  Infestation Pit, Zergling x12  
  156  9:55  Baneling x13  
  156  9:56  Baneling x2  
  156  9:59  Zergling x6  
  159  10:04  Hatchery  
  158  10:08  Baneling x11  
Tags
 
Add a new tag
Caveats
  • Supply blocks, unpowered buildings, or Contaminate may cause inaccurate times.
  • Supply counts are checked every 10 seconds.